 Dungeon Crawl Stone Soup version 0.20.0-8-g6b59dc7 (webtiles) character file.

237 JarielCorvus the Skirmisher (level 5, -2/48 HPs)
             Began as a Minotaur Berserker on June 2, 2017.
             Was a Believer of Trog.
             Slain by vuolankoinen's ghost (7 damage)
             ... on level 3 of the Dungeon.
             The game lasted 00:06:39 (2113 turns).

JarielCorvus the Skirmisher (Minotaur Berserker)    Turns: 2113, Time: 00:06:40

Health: -2/48      AC:  2    Str: 22    XL:     5   Next: 77%
Magic:  4/4        EV: 13    Int:  4    God:    Trog [**....]
Gold:   53         SH:  0    Dex: 10    Spells: 4/4 levels left

rFire    . . .     SeeInvis .   f - +1 scythe (venom)
rCold    . . .     Gourm    .   (shield currently unavailable)
rNeg     . . .     Faith    .   b - +0 animal skin
rPois    .         Spirit   .   (helmet restricted)
rElec    .         Reflect  .   (no cloak)
rCorr    .         Harm     .   (no gloves)
MR       .....                  (no boots)
Stlth    +.........             (no amulet)
Regen    0.2/turn               (no ring)
MPRegen  0.1/turn               (no ring)

@: no status effects
A: retaliatory headbutt, horns 2
a: Berserk, Trog's Hand, Burn Spellbooks, Renounce Religion


You were on level 3 of the Dungeon.
You worshipped Trog.
Trog was pleased with you.
You were not hungry.

You visited 1 branch of the dungeon, and saw 3 of its levels.

You collected 53 gold pieces.

Inventory:

Hand Weapons
 a - a +0 hand axe
 f - a +1 scythe of venom (weapon)
Armour
 b - a +0 animal skin (worn)
Scrolls
 d - a scroll of remove curse
 g - 2 scrolls of identify
Potions
 e - 2 potions of invisibility
Comestibles
 h - a royal jelly
 i - a meat ration


   Skills:
 * Level 5.5 Fighting
 + Level 4.6 Axes
 * Level 4.6 Armour
 + Level 3.1 Dodging


You had 4 spell levels left.
You didn't know any spells.

Dungeon Overview and Level Annotations

Branches:
Dungeon (3/15)

Altars:

Annotations:
D:3 vuolankoinen's ghost, amateur HuWn


Innate Abilities, Weirdness & Mutations

You reflexively headbutt those who attack you in melee.
You have a pair of horns on your head.


Message History

Vuolankoinen's ghost hits you.
* * * LOW HITPOINT WARNING * * *
Vuolankoinen's ghost freezes you.
* * * LOW HITPOINT WARNING * * *
The orc priest misses you. You furiously retaliate!
You headbutt the orc priest, but do no damage.
Vuolankoinen's ghost boasts, "I have defeated monsters you have never seen."
Vuolankoinen's ghost misses you. The orc misses you. You furiously retaliate!
You headbutt the orc!
You kill the orc!
Trog accepts your kill.
You hit the orc priest but do no damage.
The orc priest looks as sick as possible!
You headbutt the orc priest.
You kill the orc priest!
Trog accepts your kill.
The orc priest begins to cast a cantrip, but forgets the words!
Vuolankoinen's ghost hits you but does no damage.
Vuolankoinen's ghost hits you!
You die...

#.# ##.... ##+#.#
#....# ####....# #....#
........# #....#
#.....####.....
#.....).)....#.
#.#..........#.
#..######.#....##.#+##.
#....o@W#.#....##.#.##.
#.#####)..'....+....##.
#.#.#....#..#.##.
....#.###...>......
########.#######
##.######..
#####..<.......
.....W..# +..
#....†.W...#.##
######..# ...
#....).....# #..# ≈≈≈
#..(.......# #..# ≈≈≈


You could see an orc priest and vuolankoinen's ghost.

Vanquished Creatures
  Sigmund (D:2)
  An orc priest (D:3)
  2 dart slugs
  3 orcs (D:3)
  2 ball pythons (D:1)
  4 giant cockroaches
  3 goblins
  5 hobgoblins
  4 jackals (D:2)
  6 kobolds
  5 bats
  4 rats
40 creatures vanquished.

Notes
Turn   | Place    | Note
-------+----------+-------------------------------------------
     0 | D:1      | JarielCorvus the Minotaur Berserker began the quest for the Orb.
     0 | D:1      | Reached XP level 1. HP: 19/19 MP: 0/0
   143 | D:1      | Reached skill level 4 in Fighting
   143 | D:1      | Reached XP level 2. HP: 25/27 MP: 1/1
   908 | D:2      | Reached XP level 3. HP: 32/33 MP: 2/2
   920 | D:2      | Noticed Sigmund
   928 | D:2      | Killed Sigmund
   928 | D:2      | Reached ** piety under Trog
   928 | D:2      | Reached skill level 5 in Fighting
   928 | D:2      | Reached XP level 4. HP: 13/42 MP: 3/3
   928 | D:2      | Reached XP level 5. HP: 15/48 MP: 4/4
  1561 | D:3      | Noticed vuolankoinen's ghost (amateur HuWn)
  1568 | D:3      | HP: 2/48 [vuolankoinen's ghost (5)]
  1915 | D:3      | Found a faded altar of an unknown god.
  2113 | D:3      | Slain by vuolankoinen's ghost

Skill      XL: |  1  2  3 |
---------------+----------+-----
Fighting       | 4 5 |  5.5
Armour         | 3 4 |  4.6
Axes           | 4 |  4.6
Dodging        | 3 |  3.1

Action                   |  1- 3 |  4- 6 || total
-------------------------+-------+-------++-------
Melee: Hand axe          |    57 |    16 ||    73
       Headbutt          |     6 |     7 ||    13
       Scythe            |       |    13 ||    13
  Use: Scroll            |     3 |     1 ||     4
       Potion            |       |     2 ||     2
  Eat: Bread ration      |       |     1 ||     1
       Chunk             |       |     1 ||     1
Armor: Animal skin       |     9 |     5 ||    14
Dodge: Dodged            |    48 |    31 ||    79
